SAAA
CALGARY LYNX @ PHOENIX HOTSPUR RESERVES
09/01/2027
 
TOP OF THE 1ST
Calgary Lynx batting - Pitching for Phoenix Hotspur Reserves : LHP Mike Harris
Pitching: LHP Mike Harris
Batting: RHB Wilson Vega 0-0: Called Strike
0-1: Foul Ball, location: 2F
0-2: Fly out, F9 (Flyball, 9LS)
Batting: LHB Francisco Santos 0-0: Ball
1-0: SINGLE (Groundball, 4D)
Batting: RHB Miguel Rosales 0-0: Foul Ball, location: 2F
0-1: Ball
1-1: Ball
2-1: Ball
3-1: Swinging Strike
3-2: Ground out 6-3 (Groundball, 6MS)
Francisco Santos to second
Batting: RHB Lytle Creek 0-0: Called Strike
0-1: Ball
1-1: Ball
2-1: Called Strike
2-2: Strikes out swinging wild pitch, reaches first!
Francisco Santos to third
Batting: RHB Ieyoshi Yamamoto 0-0: Swinging Strike
0-1: Called Strike
0-2: Foul Ball, location: 2F
0-2: Ball
1-2: Ball
2-2: Strikes out swinging
Top of the 1st over - 0 run(s), 1 hit(s), 0 error(s), 2 left on base; Calgary 0 - Phoenix 0
BOTTOM OF THE 1ST
Phoenix Hotspur Reserves batting - Pitching for Calgary Lynx : LHP Octávio Fernández
Pitching: LHP Octávio Fernández
Batting: RHB Wilson Castillo 0-0: Foul Ball, location: 2F
0-1: Ball
1-1: Foul Ball, location: 2F
1-2: Ball
2-2: Foul Ball, location: 2F
2-2: Strikes out swinging, 2-3 out at first.
Batting: RHB Jesús Álvarez 0-0: Ball
1-0: Swinging Strike
1-1: Swinging Strike
1-2: Fly out, F7 (Flyball, 78M)
Batting: RHB Martín Martínez 0-0: Called Strike
0-1: Swinging Strike
0-2: Strikes out looking
Bottom of the 1st over - 0 run(s), 0 hit(s), 0 error(s), 0 left on base; Calgary 0 - Phoenix 0
TOP OF THE 2ND
Calgary Lynx batting - Pitching for Phoenix Hotspur Reserves : LHP Mike Harris
Batting: RHB Hieu De 0-0: Ball
1-0: Foul Ball, location: 2F
1-1: Ball
2-1: Fly out, F8 (Flyball, 8RM)
Batting: LHB José León 0-0: Ball
1-0: SINGLE (Line Drive, 8RS)
Batting: RHB Jesús Martínez 0-0: Ball
1-0: Ball
2-0: Fly out, F8 (Flyball, 8RXD)
Batting: RHB Michael Garrett 0-0: Ball
1-0: Foul Ball, location: 2F
1-1: Ball
2-1: Called Strike
2-2: Strikes out swinging
Top of the 2nd over - 0 run(s), 1 hit(s), 0 error(s), 1 left on base; Calgary 0 - Phoenix 0
BOTTOM OF THE 2ND
Phoenix Hotspur Reserves batting - Pitching for Calgary Lynx : LHP Octávio Fernández
Batting: SHB Jesús González 0-0: Ball
1-0: Ball
2-0: Called Strike
2-1: Ball
3-1: Called Strike
3-2: Ground out 6-3 (Groundball, 6)
Batting: RHB Pepe Reyes 0-0: Fly out, F8 (Flyball, 8LS)
Batting: RHB Germán Alfaro 0-0: Called Strike
0-1: Called Strike
0-2: Foul Ball, location: 2F
0-2: Strikes out swinging
Bottom of the 2nd over - 0 run(s), 0 hit(s), 0 error(s), 0 left on base; Calgary 0 - Phoenix 0
TOP OF THE 3RD
Calgary Lynx batting - Pitching for Phoenix Hotspur Reserves : LHP Mike Harris
Batting: RHB Wilson Vega 0-0: Ball
1-0: Ground out 6-3 (Groundball, 56)
Batting: LHB Francisco Santos 0-0: Ball
1-0: Called Strike
1-1: Ball
2-1: Ground out U3 (Groundball, 3)
Batting: RHB Miguel Rosales 0-0: Ball
1-0: Ball
2-0: Ground out 4-3 (Groundball, 34)
Top of the 3rd over - 0 run(s), 0 hit(s), 0 error(s), 0 left on base; Calgary 0 - Phoenix 0
BOTTOM OF THE 3RD
Phoenix Hotspur Reserves batting - Pitching for Calgary Lynx : LHP Octávio Fernández
Batting: SHB Roberto López 0-0: Foul Ball, location: 2F
0-1: Foul Ball, location: 2F
0-2: Ball
1-2: Ball
2-2: Ball
3-2: Hit by Pitch
Batting: RHB Javier González 0-0: Ball
1-0: Fly out, F8 (Line Drive, 8RM)
Batting: RHB Hiwahikeiki Noelani 0-0: Called Strike
0-1: Called Strike
0-2: Ball
1-2: Ball
2-2: SINGLE (Line Drive, 4M)
Roberto López to second
Batting: RHB Wilson Castillo 0-0: SINGLE (Groundball, 6D)
Roberto López to third
Hiwahikeiki Noelani to second
Runner from 3rd tries for Home, SAFE, no throw
Batting: RHB Jesús Álvarez 0-0: Called Strike
0-1: Swinging Strike
0-2: Ball
1-2: Ball
2-2: Foul Ball, location: 2F
2-2: Strikes out looking
Batting: RHB Martín Martínez 0-0: Ball
1-0: Foul Ball, location: 2F
1-1: Fly out, F9 (Line Drive, 9)
Bottom of the 3rd over - 1 run(s), 2 hit(s), 0 error(s), 2 left on base; Calgary 0 - Phoenix 1
TOP OF THE 4TH
Calgary Lynx batting - Pitching for Phoenix Hotspur Reserves : LHP Mike Harris
Batting: RHB Lytle Creek 0-0: Ball
1-0: Ball
2-0: Foul Ball, location: 2F
2-1: Ball
3-1: Foul Ball, location: 2F
3-2: Base on Balls
Batting: RHB Ieyoshi Yamamoto 0-0: Foul Ball, location: 2F
0-1: Ball
1-1: DOUBLE (Flyball, 89M)
Lytle Creek to third
Batting: RHB Hieu De 0-0: Ball
1-0: Foul Ball, location: 2F
1-1: Called Strike
1-2: Foul Ball, location: 2F
1-2: Foul Ball, location: 2F
1-2: Foul Ball, location: 2F
1-2: Foul Ball, location: 2F
1-2: Hit by Pitch
Batting: LHB José León 0-0: Called Strike
0-1: Ball
1-1: Fly out, F7 (Flyball, 7S)
Runner from 3rd tags up, SCORES, throw made
Batting: RHB Jesús Martínez 0-0: Ball
1-0: Swinging Strike
1-1: Swinging Strike
1-2: SINGLE (Groundball, 56D)
Ieyoshi Yamamoto to third
Hieu De to second
Runner from 3rd tries for Home, SAFE, throw made home
Batting: RHB Michael Garrett 0-0: Swinging Strike
0-1: SINGLE (Groundball, 4MD)
Hieu De to third
Jesús Martínez to second
Runner from 3rd tries for Home, SAFE, no throw
Batting: RHB Wilson Vega 0-0: Foul Ball, location: 2F
0-1: DOUBLE (Line Drive, 78M)
Jesús Martínez scores
Michael Garrett to third
Runner from 3rd tries for Home, SAFE, no throw
Batting: LHB Francisco Santos 0-0: Called Strike
Wilson Vega is caught stealing 3rd base
0-1: SINGLE (Groundball, 4MD)
Batting: RHB Miguel Rosales 0-0: Called Strike
0-1: Called Strike
0-2: Ball
1-2: Ball
2-2: SINGLE (Line Drive, 8RS)
Francisco Santos to second
Batting: RHB Lytle Creek 0-0: Called Strike
0-1: Ball
1-1: Ball
2-1: Ball
3-1: 3-RUN HOME RUN (Flyball, 7D), Distance : 378 ft
Batting: RHB Ieyoshi Yamamoto 0-0: Swinging Strike
0-1: Called Strike
0-2: Ball
1-2: Foul Ball, location: 2F
1-2: Foul Ball, location: 2F
1-2: Foul Ball, location: 2F
1-2: Foul Ball, location: 2F
1-2: Ball
2-2: Ball
3-2: Base on Balls
Pitching: RHP Dylan Guérin
Batting: RHB Hieu De 0-0: Ball
1-0: Called Strike
1-1: Called Strike
1-2: Ball
2-2: Ball
3-2: DOUBLE (Flyball, 89XD)
Ieyoshi Yamamoto to third
Ieyoshi Yamamoto scores
Batting: LHB José León 0-0: Ball
1-0: Fly out, F4 (Line Drive, 4)
Top of the 4th over - 9 run(s), 8 hit(s), 0 error(s), 1 left on base; Calgary 9 - Phoenix 1
BOTTOM OF THE 4TH
Phoenix Hotspur Reserves batting - Pitching for Calgary Lynx : LHP Octávio Fernández
Batting: SHB Jesús González 0-0: Swinging Strike
0-1: Fly out, F8 (Flyball, 8LM)
Batting: RHB Pepe Reyes 0-0: Called Strike
0-1: Foul Ball, location: 2F
0-2: Ball
1-2: Strikes out swinging
Batting: RHB Germán Alfaro 0-0: Called Strike
0-1: Foul Ball, location: 2F
0-2: Foul Ball, location: 2F
0-2: Ball
1-2: Strikes out swinging
Bottom of the 4th over - 0 run(s), 0 hit(s), 0 error(s), 0 left on base; Calgary 9 - Phoenix 1
TOP OF THE 5TH
Calgary Lynx batting - Pitching for Phoenix Hotspur Reserves : RHP Dylan Guérin
Batting: RHB Jesús Martínez 0-0: Called Strike
0-1: Ball
1-1: Fly out, F9 (Flyball, 9S)
Batting: RHB Michael Garrett 0-0: Called Strike
0-1: Foul Ball, location: 2F
0-2: Ball
1-2: Ground out 6-3 (Groundball, 6)
Batting: RHB Wilson Vega 0-0: Swinging Strike
0-1: Ball
1-1: Foul Ball, location: 2F
1-2: Strikes out looking
Top of the 5th over - 0 run(s), 0 hit(s), 0 error(s), 0 left on base; Calgary 9 - Phoenix 1
BOTTOM OF THE 5TH
Phoenix Hotspur Reserves batting - Pitching for Calgary Lynx : LHP Octávio Fernández
Batting: SHB Roberto López 0-0: Ball
1-0: Ball
2-0: Foul Ball, location: 2F
2-1: Ball
3-1: Fly out, F9 (Flyball, 9LM)
Batting: RHB Javier González 0-0: Called Strike
0-1: Ball
1-1: SOLO HOME RUN (Flyball, 8LXD), Distance : 437 ft
Batting: RHB Hiwahikeiki Noelani 0-0: Foul Ball, location: 2F
0-1: Ball
1-1: Ball
2-1: Fly out, F9 (Flyball, 9)
Batting: RHB Wilson Castillo 0-0: Ball
1-0: Ball
2-0: Fly out, F6 (Line Drive, 6)
Bottom of the 5th over - 1 run(s), 1 hit(s), 0 error(s), 0 left on base; Calgary 9 - Phoenix 2
TOP OF THE 6TH
Calgary Lynx batting - Pitching for Phoenix Hotspur Reserves : RHP Dylan Guérin
Batting: LHB Francisco Santos 0-0: Ground out 6-3 (Groundball, 6)
Batting: RHB Miguel Rosales 0-0: Ball
1-0: Ground out 6-3 (Groundball, 6)
Batting: RHB Lytle Creek 0-0: Called Strike
0-1: Ball
1-1: Ball
2-1: Ball
3-1: DOUBLE (Flyball, 89D)
Batting: RHB Ieyoshi Yamamoto 0-0: Ball
1-0: Ball
2-0: Ball
3-0: Called Strike
3-1: Called Strike
3-2: SINGLE (Groundball, 56S) (infield hit)
Lytle Creek to third
Batting: RHB Hieu De 0-0: Foul Ball, location: 2F
0-1: Ball
1-1: Ball
2-1: Ball
3-1: Foul Ball, location: 2F
3-2: DOUBLE (Line Drive, 9LS)
Lytle Creek scores
Ieyoshi Yamamoto to third
Ieyoshi Yamamoto scores
Batting: LHB José León 0-0: Swinging Strike
0-1: Swinging Strike
0-2: Foul Ball, location: 2F
0-2: Ball
1-2: Ball
2-2: Ground out 1-3 (Groundball, P)
Top of the 6th over - 2 run(s), 3 hit(s), 0 error(s), 1 left on base; Calgary 11 - Phoenix 2
BOTTOM OF THE 6TH
Phoenix Hotspur Reserves batting - Pitching for Calgary Lynx : LHP Octávio Fernández
Batting: RHB Jesús Álvarez 0-0: Called Strike
0-1: Ball
1-1: Foul Ball, location: 2F
1-2: Ball
2-2: Strikes out swinging
Batting: RHB Martín Martínez 0-0: Called Strike
0-1: Ball
1-1: SOLO HOME RUN (Flyball, 7D), Distance : 399 ft
Batting: SHB Jesús González 0-0: Fly out, F6 (Line Drive, 6)
Batting: RHB Pepe Reyes 0-0: Ball
1-0: Called Strike
1-1: Ball
2-1: Foul Ball, location: 2F
2-2: Ball
3-2: SINGLE (Groundball, 6MD)
Batting: RHB Germán Alfaro 0-0: Ground out 6-3 (Groundball, 6)
Bottom of the 6th over - 1 run(s), 2 hit(s), 0 error(s), 1 left on base; Calgary 11 - Phoenix 3
TOP OF THE 7TH
Calgary Lynx batting - Pitching for Phoenix Hotspur Reserves : RHP Dylan Guérin
Batting: RHB Jesús Martínez 0-0: SINGLE (Line Drive, 8RS)
Batting: RHB Michael Garrett 0-0: Foul Ball, location: 2F
0-1: SINGLE (Line Drive, 34D)
Jesús Martínez to second
Runner from 2nd tries for 3rd, SAFE, throw made to third
Pitching: RHP Bob Cook
Batting: RHB Wilson Vega 0-0: Called Strike
0-1: Ball
1-1: Foul Ball, location: 2F
1-2: Ball
2-2: Strikes out swinging
Batting: LHB Francisco Santos 0-0: Ball
1-0: Ball
2-0: Called Strike
2-1: Foul Ball, location: 2F
2-2: Foul Ball, location: 2F
2-2: Strikes out swinging
Batting: RHB Miguel Rosales 0-0: Fly out, F9 (Line Drive, 9)
Top of the 7th over - 0 run(s), 2 hit(s), 0 error(s), 2 left on base; Calgary 11 - Phoenix 3
BOTTOM OF THE 7TH
Phoenix Hotspur Reserves batting - Pitching for Calgary Lynx : LHP Octávio Fernández
Batting: SHB Roberto López 0-0: Called Strike
0-1: Ball
1-1: Fly out, F8 (Flyball, 8LXD)
Batting: RHB Javier González 0-0: Called Strike
0-1: Ball
1-1: Ball
2-1: Foul Ball, location: 2F
2-2: Ball
3-2: Fly out, F9 (Flyball, 89M)
Batting: RHB Hiwahikeiki Noelani 0-0: Called Strike
0-1: Ball
1-1: Fly out, F5 (Popup, 56)
Bottom of the 7th over - 0 run(s), 0 hit(s), 0 error(s), 0 left on base; Calgary 11 - Phoenix 3
TOP OF THE 8TH
Calgary Lynx batting - Pitching for Phoenix Hotspur Reserves : RHP Bob Cook
Batting: RHB Lytle Creek 0-0: Ball
1-0: Ball
2-0: Ball
3-0: Base on Balls
Batting: RHB Ieyoshi Yamamoto 0-0: Called Strike
0-1: Called Strike
Lytle Creek steals 2nd base
0-2: Foul Ball, location: 2F
0-2: SINGLE (Line Drive, 56D)
Lytle Creek to third
Batting: RHB Hieu De 0-0: Ball
1-0: Called Strike
1-1: Called Strike
1-2: Grounds into double play, 6-4-3 (Groundball, 6)
Lytle Creek scores
Batting: LHB José León 0-0: Ball
1-0: Ball
2-0: Ball
3-0: Base on Balls
Batting: RHB Jesús Martínez 0-0: Called Strike
0-1: Foul Ball, location: 2F
0-2: Ball
1-2: Strikes out swinging
Top of the 8th over - 1 run(s), 1 hit(s), 0 error(s), 1 left on base; Calgary 12 - Phoenix 3
BOTTOM OF THE 8TH
Phoenix Hotspur Reserves batting - Pitching for Calgary Lynx : LHP Octávio Fernández
Batting: RHB Wilson Castillo 0-0: Ball
1-0: Swinging Strike
1-1: Called Strike
1-2: Foul Ball, location: 2F
1-2: Ball
2-2: Foul Ball, location: 2F
2-2: Ball
3-2: Base on Balls
Pitching: RHP Mark Simmons
Pinch Hitting: RHB Satoshi Terada 0-0: Foul Ball, location: 2F
0-1: Ball
1-1: Ball
2-1: Fly out, F3 (Line Drive, 34)
Batting: RHB Martín Martínez 0-0: Called Strike
0-1: Foul Ball, location: 2F
0-2: Foul Ball, location: 2F
0-2: Strikes out looking
Batting: SHB Jesús González 0-0: Ball
1-0: Foul Ball, location: 2F
1-1: Swinging Strike
1-2: Ground out 1-3 (Groundball, 15)
Bottom of the 8th over - 0 run(s), 0 hit(s), 0 error(s), 1 left on base; Calgary 12 - Phoenix 3
TOP OF THE 9TH
Calgary Lynx batting - Pitching for Phoenix Hotspur Reserves : RHP Bob Cook
Pitching: RHP Jim Unknown
Now at 1B: Satoshi Terada
Batting: RHB Michael Garrett 0-0: Ball
1-0: Called Strike
1-1: Ball
2-1: Foul Ball, location: 2F
2-2: Ball
3-2: Ground out 4-3 (Groundball, 4)
Batting: RHB Wilson Vega 0-0: Ball
1-0: Ball
2-0: Ball
3-0: Called Strike
3-1: Swinging Strike
3-2: Base on Balls
Batting: LHB Francisco Santos 0-0: Called Strike
0-1: Ball
1-1: Called Strike
1-2: Ball
2-2: Fly out, F7 (Flyball, 7LM)
Batting: RHB Miguel Rosales
Pinch Hitting: RHB Álex Estrada 0-0: Called Strike
0-1: Called Strike
0-2: Ball
1-2: Ball
Wilson Vega steals 2nd base
2-2: Strikes out swinging
Top of the 9th over - 0 run(s), 0 hit(s), 0 error(s), 1 left on base; Calgary 12 - Phoenix 3
BOTTOM OF THE 9TH
Phoenix Hotspur Reserves batting - Pitching for Calgary Lynx : RHP Mark Simmons
Now in RF: Álex Estrada
Batting: RHB Pepe Reyes 0-0: Called Strike
0-1: Called Strike
0-2: Foul Ball, location: 2F
0-2: Ball
1-2: Ground out 5-3 (Groundball, 5)
Batting: RHB Germán Alfaro 0-0: SINGLE (Line Drive, 89S)
Batting: SHB Roberto López 0-0: Foul Ball, location: 2F
0-1: Swinging Strike
0-2: Foul Ball, location: 2F
0-2: Foul Ball, location: 2F
0-2: Ball
1-2: Strikes out swinging
Batting: RHB Javier González 0-0: SINGLE (Line Drive, 8LS)
Germán Alfaro to second
Throwing error, E8
Germán Alfaro scores
Javier González to second
Batting: RHB Hiwahikeiki Noelani 0-0: Swinging Strike
0-1: Ball
1-1: Ball
2-1: Swinging Strike
2-2: Ground out 6-3 (Groundball, 6)
Bottom of the 9th over - 1 run(s), 2 hit(s), 1 error(s), 1 left on base; Calgary 12 - Phoenix 4
Saturday, May 26th, 2018 - OOTP Baseball 17.12 Build 75